 Dungeon Crawl Stone Soup version 0.17-a0-2064-g265a032 (webtiles) character file.

1468 abixa the Basher (level 8, -19/87 HPs)
             Began as an Ogre Berserker on Oct 12, 2015.
             Was a Priest of Trog.
             Demolished by an ogre
             ... wielding a +0 giant club
              (29 damage)
             ... on level 6 of the Dungeon.
             The game lasted 00:23:18 (5039 turns).

abixa the Basher (Ogre Berserker)                   Turns: 5039, Time: 00:23:18

Health: -19/87     AC:  3    Str: 23    XL:     8   Next: 77%
Magic:  8/8        EV:  5    Int:  6    God:    Trog [***...]
Gold:   273        SH: 14    Dex: 11    Spells: 0 memorised, 7 levels left

rFire  . . .     SeeInvis .     m - +0 flail
rCold  . . .     Clarity  +     K - +0 robe
rNeg   . . .     SustAt   .     g - +2 large shield
rPois  .         Gourm    .     (helmet restricted)
rElec  .         Spirit   .     (no cloak)
rCorr  .         Warding  .     (gloves unavailable)
rMut   .         Stasis   .     (boots unavailable)
MR     .....                    T - amulet of clarity
Stlth  +.........               (no ring)
                                (no ring)

@: exhausted, slowed, very slow, not resistant to hostile enchantments, very
unstealthy
A: unfitting armour, tough skin 1
a: Burn Spellbooks, Berserk, Trog's Hand, Renounce Religion


You were on level 6 of the Dungeon.
You worshipped Trog.
Trog was most pleased with you.
You were not hungry.

You visited 2 branches of the dungeon, and saw 7 of its levels.
You also visited: Sewer.

You collected 273 gold pieces.

Inventory:

Hand Weapons
 m - a +0 flail (weapon)
 s - a +0 halberd
 G - a +0 hunting sling
 S - a +5 dagger of venom
Missiles
 k - 23 sling bullets
 l - 15 bolts of flame
 o - 138 stones
 q - 20 bolts
 r - 21 arrows of frost
 w - 13 arrows
 J - a large rock (quivered)
 R - 2 needles of paralysis
 U - 12 arrows of flame
Armour
 g - a +2 large shield (worn)
 K - a +0 robe (worn)
Jewellery
 T - an amulet of clarity (around neck)
Wands
 O - a wand of digging (11)
Scrolls
 b - a scroll of recharging {unknown}
 d - 2 scrolls of magic mapping {unknown}
 h - 2 scrolls of amnesia {unknown}
 j - 3 scrolls of identify {unknown}
 n - 2 scrolls of blinking {unknown}
 v - a scroll of fog {unknown}
 y - 2 scrolls of enchant weapon {unknown}
 B - 3 scrolls of remove curse
 C - 4 scrolls of teleportation
 H - a scroll of fear {unknown}
 I - a scroll of enchant armour {unknown}
 N - a scroll of random uselessness {unknown}
Potions
 a - a potion of beneficial mutation {unknown}
 e - 2 potions of brilliance {unknown}
 f - a potion of ambrosia {unknown}
 p - a potion of cancellation {unknown}
 z - 3 potions of curing {unknown}
 A - a potion of degeneration {unknown}
 E - a potion of cure mutation {unknown}
 F - a potion of haste {unknown}
 L - 2 potions of heal wounds {unknown}
 M - 2 potions of mutation {unknown}
Books
 Q - an Akashic Record

   Spells                             Type                      Level
   a - Dispersal                      Translocation                6
   b - Controlled Blink               Translocation                7
   c - Malign Gateway                 Summoning/Translocation      7
   d - Disjunction                    Translocation                8
   Trog disapproves of the use of such an item.
Comestibles
 c - 3 bread rations
 i - 2 fruits
 t - a royal jelly
 u - 5 chunks of flesh
 x - 3 beef jerkies
 D - a meat ration
 P - a slice of pizza


   Skills:
 + Level 7.5 Fighting
 + Level 9.4 Maces & Flails
 * Level 6.7 Throwing
 - Level 2.6 Dodging


You had 7 spell levels left.
You didn't know any spells.

Dungeon Overview and Level Annotations

Branches:
Dungeon (6/15)             Temple (1/1) D:4

Altars:
Ashenzari
Cheibriados
Dithmenos
Elyvilon
Fedhas
Kikubaaqudgha
Nemelex Xobeh
Okawaru
Qazlal
Ru
Sif Muna
Vehumet
Xom
Yredelemnul
Zin


Innate Abilities, Weirdness & Mutations

You are too large for most types of armour.
You have tough skin (AC +1).


Message History

You sock the ogre!
The ogre is heavily wounded.
The ogre hits you with a giant club!!
You thump the ogre!
The ogre is severely wounded.
The ogre hits you with a giant club! x2
You barely miss the ogre.
The ogre is heavily wounded.
The ogre hits you with a giant club!!
* * * LOW HITPOINT WARNING * * *
Evoke which item? (* to show all) (? for menu, Esc to quit)
Okay, then.
Unknown command.
Unknown command.
Throwing (i - inventory. (,) - cycle):
J - 2 large rocks
Press: ? - help, Shift-Dir - straight line, f - ogre
Aim: an ogre, wielding a giant club (heavily wounded)
You throw a large rock. The large rock barely misses the ogre.
The ogre hits you with a giant club!!
You die...

######.###......#
#>.......#.....#
#........#.....#
#........#.....#
#.)......#....#
#.........)#
#...[...)##....#
#.)O.....# ....#
#<)@.....#
......#
##########
....### #..## ###


You could see an ogre.

Vanquished Creatures
  Grinder (D:4)
  The ghost of Noname the Conjurer, an amateur DsWz of Makhleb (D:6)
  The ghost of derrpe the Cutter, an amateur KoAr (Sewer)
  An ogre (D:5)
  2 orc warriors
  Blork the orc (D:4)
  3 big kobolds (Sewer)
  A hound (D:4)
  An orc priest (D:6)
  An orc wizard (D:5)
  A centaur skeleton (D:4)
  A giant frog skeleton (D:6)
  2 worker ants
  A hound skeleton (D:4)
  Robin (D:4)
  6 gnolls
  6 adders
  2 worms (D:2)
  2 giant geckos
  4 orcs
  6 bats
  A giant cockroach (D:3)
  16 goblins
  10 hobgoblins
  11 jackals
  3 quokkas
  4 giant newts
  6 kobolds
  19 rats
  A plant (D:1)
116 creatures vanquished.

Notes
Turn   | Place    | Note
--------------------------------------------------------------
     0 | D:1      | abixa the Ogre Berserker began the quest for the Orb.
     0 | D:1      | Reached XP level 1. HP: 24/24 MP: 1/1
    49 | D:1      | Reached XP level 2. HP: 24/32 MP: 2/2
   367 | D:1      | Reached skill level 5 in Maces & Flails
   856 | D:2      | Reached XP level 3. HP: 39/39 MP: 3/3
   894 | D:2      | Reached ** piety under Trog
  1181 | D:2      | Reached skill level 6 in Maces & Flails
  1307 | D:2      | Reached XP level 4. HP: 31/48 MP: 4/4
  1531 | D:2      | Found a stormy altar of Qazlal.
  2011 | D:3      | Reached skill level 7 in Maces & Flails
  2210 | D:3      | Reached *** piety under Trog
  2211 | D:3      | Found a shadowy altar of Dithmenos.
  2242 | D:3      | Reached XP level 5. HP: 52/54 MP: 5/5
  2246 | D:3      | Reached skill level 1 in Throwing
  2616 | D:4      | Found a blossoming altar of Fedhas.
  2660 | D:4      | Noticed Blork the orc
  2809 | D:4      | Noticed Grinder
  2813 | D:4      | Noticed Robin
  2817 | D:4      | Killed Grinder
  2817 | D:4      | Reached skill level 5 in Fighting
  2817 | D:4      | Reached XP level 6. HP: 66/66 MP: 6/6
  2925 | D:4      | Killed Robin
  2932 | D:4      | Found a glowing drain.
  2939 | Sewer    | Entered a sewer
  2968 | Sewer    | Noticed derrpe's ghost (amateur KoAr)
  2989 | Sewer    | Killed derrpe's ghost
  2989 | Sewer    | Reached skill level 8 in Maces & Flails
  2989 | Sewer    | Reached XP level 7. HP: 74/74 MP: 7/7
  3053 | Sewer    | Received a gift from Trog
  3547 | D:4      | Found an ancient bone altar of Kikubaaqudgha.
  3588 | D:4      | Killed Blork the orc
  3712 | D:4      | Reached skill level 5 in Throwing
  3728 | D:4      | Reached XP level 8. HP: 77/84 MP: 8/8
  3813 | D:5      | Entered Level 5 of the Dungeon
  3899 | D:5      | Found a white marble altar of Elyvilon.
  3932 | D:5      | Found a snail-covered altar of Cheibriados.
  3941 | D:5      | Found a shimmering altar of Xom.
  4206 | D:5      | Received a gift from Trog
  4491 | D:5      | Found a radiant altar of Vehumet.
  4640 | D:4      | Found a staircase to the Ecumenical Temple.
  4653 | Temple   | Entered the Ecumenical Temple
  4763 | D:6      | Reached skill level 9 in Maces & Flails
  4999 | D:6      | Noticed Noname's ghost (amateur DsWz)
  5015 | D:6      | Killed Noname's ghost
  5039 | D:6      | Demolished by an ogre

Vault maps used:
D:1:      tarquinn_simple_flora_water_e, serial_forest,
          infiniplex_forest_clump_diagonal, infiniplex_forest_clump_tiny,
          infiniplex_forest_lined_1, infiniplex_forest_lined_corner,
          infiniplex_forest_lined_room_2, infiniplex_forest_clump_double,
          infiniplex_forest_join
D:2:      first_bread, nicolae_qazlal_general_emergency
D:3:      nicolae_dithmenos_through_a_glass_darkly
D:4:      kiku_gazebo_pond_becter, fedhas_altar_2,
          minmay_temple_entry_from_below_b, lightli_sewer_entry_pipes,
          uniq_blork_the_orc, uniq_robin, uniq_grinder
D:5:      elyvilon_altar_1, kennysheep_mini_moat, vehumet_crystals, basic_altar
D:6:      black_bear_nest_1
Temple:   minmay_temple_bridge_a_8
Sewer:    sewer_kobold_necro_badplayer

Action                   |  1- 3 |  4- 6 |  7- 9 || total
-------------------------+-------+-------+-------++-------
Melee: Mace              |   126 |       |       ||   126
       Flail             |    15 |   187 |   155 ||   357
Throw: Stone             |    10 |     6 |       ||    16
       Large rock        |       |       |     1 ||     1
Invok: Berserk           |     1 |     7 |     3 ||    11
       Trog's Hand       |       |     1 |       ||     1
  Use: Scroll            |       |       |     3 ||     3
  Eat: Chunk             |     1 |    13 |    10 ||    24
       Fruit             |       |     1 |     1 ||     2
